General information
- name: BNet
- type: Ladder team game (AT/RT)
- host: Battle.net
- saver: humble-origins
map: Deadlands
- players: 8
- length: 49:13
- speed: Fast
- version: 1.26 W3XP
- replay type: Public
» download(373 KB)
Players
team 1 (winner)

»
HOLYCRAPIMCOOL (
pink | 120 APM | 5924 actions | 49:11)
10 Mountain King
3 Storm Bolt
3 Bash
1 Avatar
3 Thunder Clap
9 Pandaren Brewmaster
3 Drunken Haze
3 Breath of Fire
1 Storm Earth and Fire
2 Drunken Brawler
» actions
| Assign group hotkey | 701 | |
| Basic commands | 303 | |
| Build / train | 144 | |
| ESC pressed | 6 | |
| Enter build submenu | 54 | |
| Enter hero's abilities submenu | 19 | |
| Give item / drop item | 1 | |
| Right click | 2330 | |
| Select / deselect | 679 | |
| Select group hotkey | 1476 | |
| Use ability | 210 | |
5924 total
» units
| Peasant | 31 | |
| Footman | 1 | |
| Rifleman | 18 | |
| Priest | 11 | |
| Spell Breaker | 3 | |
| Gryphon Rider | 13 | |
77 total
» upgrades
| Gunpowder | 3 | |
| Armor | 3 | |
| Lumber Harvesting | 2 | |
| Long Rifles | 1 | |
| Priest Training | 2 | |
| Masonry | 1 | |
| Swords | 3 | |
| Storm Hammers | 1 | |
16 total
» buildings
| Altar of Kings | 1 | |
| Farm | 15 | |
| Barracks | 3 | |
| Blacksmith | 1 | |
| Arcane Vault | 1 | |
| Keep | 2 | |
| Lumber Mill | 1 | |
| Town Hall | 5 | |
| Castle | 3 | |
| Arcane Sanctum | 2 | |
| Scout Tower | 16 | |
| Guard Tower | 4 | |
| Gryphon Aviary | 3 | |
| Arcane Tower | 3 | |
60 total
» build order
00:16 Altar of Kings
00:24 Farm
00:56 Barracks
01:34 Blacksmith
01:45 Farm
02:01 Barracks
02:33 Farm
03:34 Arcane Vault
03:51 Farm
04:26 Keep
05:13 Farm
05:27 Lumber Mill
06:26 Farm
07:11 Town Hall
08:58 Castle
09:44 Castle
09:52 Arcane Sanctum
10:29 Farm
10:31 Barracks
10:46 Scout Tower
10:48 Scout Tower
13:21 Guard Tower
13:21 Guard Tower
13:35 Arcane Sanctum
14:13 Farm
14:13 Farm
14:41 Farm
14:42 Farm
14:58 Farm
14:58 Farm
15:29 Farm
15:30 Farm
20:51 Gryphon Aviary
20:52 Gryphon Aviary
20:52 Gryphon Aviary
23:39 Scout Tower
28:09 Town Hall
28:11 Scout Tower
28:11 Scout Tower
31:07 Town Hall
39:50 Town Hall
39:53 Scout Tower
39:54 Scout Tower
40:50 Scout Tower
40:50 Scout Tower
40:50 Scout Tower
42:58 Guard Tower
46:56 Town Hall
47:06 Scout Tower
47:06 Scout Tower
47:07 Scout Tower
47:08 Scout Tower
47:33 Arcane Tower
47:38 Arcane Tower
47:38 Arcane Tower
47:53 Scout Tower
47:53 Scout Tower
» items
| Scroll of Regeneration | 4 | |
| Lesser Clarity Potion | 5 | |
| Scroll of Healing | 1 | |
| Scroll of Town Portal | 3 | |
| Potion of Healing | 2 | |
| Orb of Fire | 1 | |
16 total

»
humble-origins (
yellow | 76 APM | 3762 actions | 49:13)
9 Blademaster
3 Wind Walk
3 Critical Strike
1 Bladestorm
2 Mirror Image
8 Shadow Hunter
3 Hex
3 Healing Wave
1 Big Bad Voodoo
1 Serpent Ward
» actions
| Assign group hotkey | 80 | |
| Basic commands | 14 | |
| Build / train | 77 | |
| Enter build submenu | 23 | |
| Enter hero's abilities submenu | 17 | |
| Give item / drop item | 6 | |
| Right click | 1900 | |
| Select / deselect | 301 | |
| Select group hotkey | 1084 | |
| Use ability | 260 | |
3762 total
» units
| Peon | 10 | |
| Wind Rider | 4 | |
| Raider | 12 | |
| Troll Batrider | 2 | |
28 total
» upgrades
| Ranged Weapons | 2 | |
| Ensnare | 1 | |
| Envenomed Spears | 1 | |
| Reinforced Defenses | 1 | |
| Armor | 2 | |
7 total
» buildings
| Altar of Storms | 1 | |
| Orc Burrow | 6 | |
| War Mill | 1 | |
| Voodoo Lounge | 3 | |
| Watch Tower | 17 | |
| Stronghold | 4 | |
| Beastiary | 3 | |
| Fortress | 1 | |
| Great Hall | 1 | |
37 total
» build order
00:10 Altar of Storms
00:22 Orc Burrow
00:39 War Mill
01:06 Voodoo Lounge
01:52 Watch Tower
02:14 Watch Tower
02:38 Watch Tower
03:00 Orc Burrow
03:34 Stronghold
03:35 Stronghold
03:49 Watch Tower
03:50 Watch Tower
04:54 Orc Burrow
04:56 Orc Burrow
05:18 Watch Tower
06:09 Beastiary
06:14 Beastiary
06:41 Fortress
10:59 Orc Burrow
11:01 Orc Burrow
14:21 Watch Tower
14:21 Watch Tower
19:24 Beastiary
20:42 Voodoo Lounge
20:43 Voodoo Lounge
21:02 Great Hall
21:05 Watch Tower
21:05 Watch Tower
21:06 Watch Tower
26:30 Watch Tower
26:31 Watch Tower
26:31 Watch Tower
26:35 Watch Tower
26:35 Watch Tower
26:36 Watch Tower
» items
| Healing Salve | 3 | |
| Lesser Clarity Potion | 3 | |
| Potion of Mana | 2 | |
| Potion of Lesser Invulnerability | 2 | |
| Orb of Lightning | 1 | |
| Scroll of Town Portal | 3 | |
| Scroll of Speed | 1 | |
| Dust of Appearance | 1 | |
16 total

»
SMERB.COM.COM (
green | 66 APM | 3248 actions | 49:11)
10 Goblin Tinker
3 Pocket Factory
3 Engineering Upgrade
3 Cluster Rockets
1 Robo-Goblin
» actions
| Basic commands | 224 | |
| Build / train | 107 | |
| ESC pressed | 10 | |
| Enter build submenu | 56 | |
| Enter hero's abilities submenu | 10 | |
| Give item / drop item | 1 | |
| Right click | 2114 | |
| Select / deselect | 536 | |
| Use ability | 190 | |
3248 total
» units
» upgrades
| Masonry | 3 | |
| Lumber Harvesting | 2 | |
| Magic Sentry | 1 | |
6 total
» buildings
| Altar of Kings | 1 | |
| Farm | 3 | |
| Lumber Mill | 2 | |
| Barracks | 1 | |
| Scout Tower | 35 | |
| Arcane Tower | 4 | |
| Keep | 3 | |
| Guard Tower | 38 | |
| Castle | 2 | |
| Arcane Vault | 1 | |
| Town Hall | 5 | |
| Blacksmith | 1 | |
| Arcane Sanctum | 1 | |
| Workshop | 1 | |
| Cannon Tower | 6 | |
104 total
» build order
00:18 Altar of Kings
00:24 Farm
00:53 Lumber Mill
01:16 Barracks
01:41 Farm
01:48 Scout Tower
02:22 Arcane Tower
02:22 Arcane Tower
02:54 Keep
02:55 Keep
03:57 Scout Tower
04:35 Scout Tower
04:36 Guard Tower
05:12 Scout Tower
05:13 Guard Tower
05:14 Guard Tower
05:15 Scout Tower
05:30 Scout Tower
05:32 Castle
05:32 Castle
05:34 Scout Tower
05:41 Arcane Vault
05:43 Guard Tower
05:45 Guard Tower
05:45 Guard Tower
05:47 Scout Tower
05:50 Scout Tower
06:01 Guard Tower
06:11 Scout Tower
06:31 Guard Tower
06:34 Scout Tower
06:35 Scout Tower
07:12 Guard Tower
07:13 Scout Tower
07:16 Guard Tower
07:20 Scout Tower
07:23 Scout Tower
07:28 Scout Tower
09:31 Guard Tower
09:32 Guard Tower
09:33 Scout Tower
09:35 Scout Tower
09:43 Guard Tower
09:43 Guard Tower
09:51 Scout Tower
09:52 Guard Tower
10:04 Town Hall
10:19 Scout Tower
10:20 Scout Tower
10:22 Guard Tower
10:22 Guard Tower
10:22 Guard Tower
10:54 Blacksmith
10:56 Arcane Tower
11:02 Arcane Sanctum
11:29 Town Hall
11:55 Scout Tower
11:56 Scout Tower
11:57 Scout Tower
12:03 Lumber Mill
12:05 Farm
13:14 Guard Tower
13:16 Scout Tower
13:39 Workshop
13:49 Scout Tower
13:50 Guard Tower
13:51 Guard Tower
14:42 Cannon Tower
14:43 Cannon Tower
14:48 Scout Tower
14:53 Scout Tower
16:19 Guard Tower
16:21 Scout Tower
16:37 Guard Tower
17:06 Cannon Tower
17:07 Cannon Tower
17:08 Scout Tower
17:48 Guard Tower
17:48 Guard Tower
17:51 Scout Tower
18:42 Scout Tower
18:43 Guard Tower
18:44 Guard Tower
19:47 Guard Tower
19:48 Guard Tower
20:10 Scout Tower
20:18 Town Hall
28:22 Scout Tower
28:26 Scout Tower
38:30 Town Hall
40:52 Town Hall
» items
| Boots of Speed | 1 | |
| Staff of Teleportation | 1 | |
| Mechanical Critter | 9 | |
| Scroll of Town Portal | 2 | |
| Lesser Clarity Potion | 2 | |
| Potion of Mana | 2 | |
| Orb of Lightning | 1 | |
18 total
Helldog88 (
blue | 38 APM | 1890 actions | 49:12)
8 Keeper of the Grove
3 Force of Nature
3 Entangling Roots
1 Tranquility
1 Thorns Aura
» actions
| Assign group hotkey | 61 | |
| Build / train | 99 | |
| Enter build submenu | 23 | |
| Enter hero's abilities submenu | 8 | |
| Remove unit from queue | 1 | |
| Right click | 1219 | |
| Select / deselect | 291 | |
| Select group hotkey | 110 | |
| Use ability | 78 | |
1890 total
» units
» upgrades
| Sentinel | 1 | |
| Strength of the Moon | 0 | |
| Strength of the Wild | 3 | |
| Reinforced Hides | 3 | |
| Abolish Magic | 1 | |
| Druid of the Claw Training | 1 | |
9 total
» buildings
| Ancient of War | 1 | |
| Altar of Elders | 3 | |
| Moon Well | 8 | |
| Hunter's Hall | 1 | |
| Tree of Ages | 1 | |
| Ancient Protector | 1 | |
| Ancient of Lore | 3 | |
| Tree of Eternity | 1 | |
| Tree of Life | 2 | |
21 total
» build order
00:13 Ancient of War
00:27 Altar of Elders
00:37 Moon Well
02:03 Hunter's Hall
02:12 Moon Well
03:07 Tree of Ages
03:41 Ancient Protector
05:20 Moon Well
05:55 Ancient of Lore
06:05 Ancient of Lore
07:50 Moon Well
07:58 Moon Well
07:59 Tree of Eternity
08:54 Ancient of Lore
08:58 Moon Well
09:50 Moon Well
10:51 Moon Well
39:37 Altar of Elders
39:47 Tree of Life
40:14 Tree of Life
40:48 Altar of Elders
» items
team 2 (loser)
antanitis (
red | 49 APM | 2404 actions | 49:11)
8 Warden
3 Fan of Knives
3 Blink
1 Spirit of Vengeance
1 Shadow Strike
5 Priestess of the Moon
2 Trueshot Aura
3 Searing Arrows
» actions
| Basic commands | 112 | |
| Build / train | 109 | |
| Enter build submenu | 33 | |
| Enter hero's abilities submenu | 13 | |
| Give item / drop item | 4 | |
| Right click | 1283 | |
| Select / deselect | 636 | |
| Use ability | 214 | |
2404 total
» units
| Wisp | 28 | |
| Archer | 4 | |
| Huntress | 1 | |
| Hippogryph | 9 | |
| Dryad | 8 | |
| Druid of the Talon | 6 | |
| Goblin Shredder | 1 | |
| Druid of the Claw | 2 | |
| Mountain Giant | 2 | |
| Faerie Dragon | 1 | |
62 total
» upgrades
| Strength of the Moon | 1 | |
| Moon Armor | 1 | |
| Nature's Blessing | 1 | |
| Reinforced Hides | 3 | |
| Strength of the Wild | 3 | |
| Ultravision | 1 | |
| Improved Bows | 1 | |
| Hippogryph Taming | 1 | |
| Abolish Magic | 1 | |
| Druid of the Talon Training | 2 | |
| Well Spring | 1 | |
| Druid of the Claw Training | 2 | |
| Hardened Skin | 1 | |
| Resistant Skin | 1 | |
20 total
» buildings
| Moon Well | 6 | |
| Altar of Elders | 2 | |
| Hunter's Hall | 1 | |
| Ancient of War | 4 | |
| Tree of Ages | 1 | |
| Ancient Protector | 10 | |
| Ancient of Wonders | 4 | |
| Ancient of Wind | 1 | |
| Ancient of Lore | 1 | |
| Tree of Eternity | 1 | |
| Tree of Life | 2 | |
| Chimaera Roost | 1 | |
34 total
» build order
00:36 Moon Well
01:31 Altar of Elders
01:45 Hunter's Hall
01:52 Ancient of War
02:06 Moon Well
02:20 Moon Well
03:33 Tree of Ages
05:23 Ancient Protector
05:26 Ancient of Wonders
06:19 Ancient of Wind
06:27 Ancient of Lore
10:59 Tree of Eternity
11:03 Moon Well
11:04 Moon Well
13:20 Tree of Life
17:49 Ancient Protector
19:29 Ancient Protector
19:30 Ancient Protector
19:31 Ancient Protector
19:34 Ancient of Wonders
21:57 Moon Well
23:04 Ancient of Wonders
25:48 Ancient Protector
25:49 Ancient Protector
25:50 Ancient Protector
26:00 Ancient of War
26:03 Ancient of War
26:05 Ancient of War
26:09 Ancient Protector
26:13 Ancient Protector
26:21 Ancient of Wonders
26:58 Chimaera Roost
33:56 Tree of Life
38:59 Altar of Elders
» items
| Potion of Healing | 2 | |
| Scroll of Town Portal | 4 | |
| Orb of Venom | 1 | |
| Periapt of Vitality | 1 | |
| Boots of Speed | 1 | |
| Circlet of Nobility | 1 | |
10 total
PulsingHatred (
orange | 48 APM | 2010 actions | 42:04)
6 Archmage
1 Summon Water Elemental
3 Brilliance Aura
1 Blizzard
1 Mass Teleport
4 Blood Mage
2 Flame Strike
2 Siphon Mana
» actions
| Assign group hotkey | 45 | |
| Basic commands | 2 | |
| Build / train | 97 | |
| Enter build submenu | 33 | |
| Enter hero's abilities submenu | 10 | |
| Give item / drop item | 3 | |
| Remove unit from queue | 5 | |
| Right click | 1002 | |
| Select / deselect | 363 | |
| Select group hotkey | 368 | |
| Use ability | 82 | |
2010 total
» units
| Peasant | 18 | |
| Footman | 8 | |
| Goblin Shredder | 1 | |
| Knight | 19 | |
| Priest | 4 | |
| Siege Engine | 3 | |
| Sorceress | 1 | |
54 total
» upgrades
| Swords | 3 | |
| Plating | 3 | |
| Masonry | 3 | |
| Animal War Training | 1 | |
| Sorceress Training | 2 | |
| Priest Training | 3 | |
| Barrage | 1 | |
| Gunpowder | 2 | |
18 total
» buildings
| Altar of Kings | 2 | |
| Barracks | 2 | |
| Farm | 16 | |
| Lumber Mill | 1 | |
| Blacksmith | 1 | |
| Arcane Vault | 1 | |
| Keep | 1 | |
| Scout Tower | 2 | |
| Arcane Tower | 2 | |
| Castle | 2 | |
| Town Hall | 4 | |
| Arcane Sanctum | 2 | |
| Workshop | 2 | |
38 total
» build order
00:34 Altar of Kings
00:38 Barracks
00:42 Farm
00:44 Farm
01:30 Lumber Mill
02:14 Barracks
02:21 Blacksmith
02:35 Farm
03:11 Arcane Vault
03:13 Farm
03:28 Farm
03:56 Farm
04:31 Keep
04:36 Scout Tower
05:16 Arcane Tower
06:56 Castle
07:38 Town Hall
07:40 Scout Tower
08:16 Arcane Tower
08:35 Arcane Sanctum
08:37 Arcane Sanctum
09:54 Farm
09:55 Farm
11:01 Workshop
11:03 Workshop
13:08 Town Hall
17:27 Farm
17:29 Farm
18:17 Farm
18:18 Farm
19:39 Town Hall
19:46 Farm
19:47 Farm
20:48 Farm
30:03 Town Hall
38:01 Altar of Kings
38:04 Farm
» items
| Potion of Healing | 2 | |
| Scroll of Town Portal | 1 | |
| Scroll of Regeneration | 1 | |
4 total
acid_bath (
teal | 61 APM | 2604 actions | 42:23)
5 Lich
3 Frost Nova
2 Frost Armor
3 Death Knight
2 Death Coil
1 Unholy Aura
» actions
| Assign group hotkey | 130 | |
| Basic commands | 1 | |
| Build / train | 87 | |
| Enter build submenu | 30 | |
| Enter hero's abilities submenu | 8 | |
| Right click | 1402 | |
| Select / deselect | 534 | |
| Select group hotkey | 247 | |
| Use ability | 165 | |
2604 total
» units
| Acolyte | 9 | |
| Ghoul | 7 | |
| Obsidian Statue | 4 | |
| Abomination | 23 | |
| Necromancer | 5 | |
| Meatwagon | 1 | |
49 total
» upgrades
| Unholy Strength | 3 | |
| Unholy Armor | 3 | |
| Skeletal Mastery | 1 | |
| Necromancer Training | 2 | |
| Backpack | 1 | |
| Cannibalize | 1 | |
| Disease Cloud | 1 | |
12 total
» buildings
| Crypt | 1 | |
| Ziggurat | 14 | |
| Altar of Darkness | 1 | |
| Graveyard | 1 | |
| Tomb of Relics | 2 | |
| Nerubian Tower | 7 | |
| Halls of the Dead | 1 | |
| Necropolis | 1 | |
| Black Citadel | 1 | |
| Slaughterhouse | 3 | |
| Temple of the Damned | 1 | |
33 total
» build order
00:12 Crypt
00:14 Ziggurat
00:39 Altar of Darkness
01:02 Graveyard
01:26 Tomb of Relics
02:13 Ziggurat
04:17 Nerubian Tower
04:19 Nerubian Tower
04:42 Halls of the Dead
05:39 Necropolis
06:07 Ziggurat
06:25 Ziggurat
07:57 Ziggurat
08:32 Black Citadel
08:48 Slaughterhouse
08:50 Slaughterhouse
09:00 Temple of the Damned
09:07 Nerubian Tower
09:27 Ziggurat
10:17 Tomb of Relics
10:22 Nerubian Tower
10:34 Slaughterhouse
11:10 Ziggurat
11:11 Ziggurat
12:02 Ziggurat
12:13 Ziggurat
13:18 Nerubian Tower
13:20 Ziggurat
13:21 Ziggurat
14:42 Nerubian Tower
25:34 Nerubian Tower
25:59 Ziggurat
26:15 Ziggurat
» items
| Rod of Necromancy | 2 | |
| Dust of Appearance | 1 | |
| Scroll of Town Portal | 1 | |
4 total
NunoSaPunso (
purple | 76 APM | 3270 actions | 43:17)
8 Priestess of the Moon
3 Scout
3 Trueshot Aura
1 Starfall
1 Searing Arrows
» actions
| Assign group hotkey | 23 | |
| Basic commands | 2 | |
| Build / train | 111 | |
| Enter build submenu | 26 | |
| Enter hero's abilities submenu | 8 | |
| Give item / drop item | 2 | |
| Right click | 1180 | |
| Select / deselect | 582 | |
| Select group hotkey | 1210 | |
| Use ability | 126 | |
3270 total
» units
| Wisp | 34 | |
| Archer | 19 | |
| Hippogryph | 20 | |
73 total
» upgrades
| Hippogryph Taming | 1 | |
| Improved Bows | 1 | |
| Strength of the Moon | 3 | |
| Strength of the Wild | 3 | |
| Moon Armor | 3 | |
| Reinforced Hides | 3 | |
| Marksmanship | 1 | |
| Well Spring | 1 | |
| Ultravision | 1 | |
| Backpack | 1 | |
| Nature's Blessing | 1 | |
19 total
» buildings
| Altar of Elders | 2 | |
| Moon Well | 14 | |
| Ancient of War | 2 | |
| Tree of Ages | 2 | |
| Ancient of Wind | 6 | |
| Tree of Life | 5 | |
| Hunter's Hall | 2 | |
| Tree of Eternity | 1 | |
| Ancient of Wonders | 1 | |
| Ancient Protector | 5 | |
| Ancient of Lore | 4 | |
44 total
» build order
00:06 Altar of Elders
00:13 Moon Well
02:05 Ancient of War
02:10 Ancient of War
02:15 Moon Well
02:16 Moon Well
03:01 Tree of Ages
05:34 Ancient of Wind
05:35 Ancient of Wind
05:38 Moon Well
05:39 Moon Well
06:27 Moon Well
06:46 Tree of Life
12:07 Hunter's Hall
12:08 Hunter's Hall
13:24 Tree of Eternity
15:21 Moon Well
15:22 Moon Well
17:46 Ancient of Wonders
23:42 Ancient Protector
23:51 Ancient Protector
26:35 Tree of Life
28:17 Ancient Protector
28:18 Ancient Protector
30:49 Tree of Life
32:05 Tree of Life
33:55 Tree of Ages
34:38 Moon Well
34:38 Moon Well
34:39 Moon Well
34:39 Moon Well
34:40 Moon Well
34:41 Moon Well
34:47 Altar of Elders
37:30 Ancient of Lore
37:31 Ancient of Lore
37:32 Ancient of Lore
37:33 Ancient of Lore
37:58 Ancient of Wind
37:59 Ancient of Wind
38:00 Ancient of Wind
38:03 Ancient of Wind
38:25 Tree of Life
39:02 Ancient Protector
» items
| Scroll of Town Portal | 5 | |
| Boots of Speed | 1 | |
| Circlet of Nobility | 1 | |
7 total
Chat log
(00:14 / All) SMERB.COM.COM: im coming for you
(00:17 / All) humble-origins: homosexual creeps are homosexual
(00:19 / All) NunoSaPunso: come
(00:28 / All) antanitis: bring your lube so you don't leave sore
(00:32 / All) HOLYCRAPIMCOOL: hauehae
(00:47 / All) NunoSaPunso: sho me wat u got son
(00:54 / All) PulsingHatred: 3 inch dick
(00:56 / All) PulsingHatred: scared?
(01:03 / All) HOLYCRAPIMCOOL: shittt 2 inches on me breh
(01:12 / All) PulsingHatred: together, we're 5
(01:23 / All) humble-origins: we got a marine in the building
(01:28 / All) humble-origins: show ur respect
(01:31 / All) HOLYCRAPIMCOOL: marine in the building baby
(01:34 / All) PulsingHatred: fuck that
(01:38 / All) antanitis: marines eat babies
(01:45 / All) humble-origins: phucking jack bauer in pink
(02:30 / All) NunoSaPunso: units?
(02:36 / All) HOLYCRAPIMCOOL: gunners
(02:38 / Allies) SMERB.COM.COM: tinker
(02:39 / Allies) SMERB.COM.COM: and
(02:40 / Allies) SMERB.COM.COM: towers
(02:44 / Allies) Helldog88: dryads
(03:09 / Allies) SMERB.COM.COM: tower walling
(03:13 / Allies) humble-origins: why lol
(03:14 / Allies) HOLYCRAPIMCOOL: do it
(03:16 / Allies) humble-origins: u have to do it 4x lol
(03:21 / Allies) SMERB.COM.COM: naw
(03:58 / All) antanitis: i'm satisfied with the names of my teamates
(04:04 / All) SMERB.COM.COM: same
(04:13 / All) PulsingHatred: im satisfied wit hthat 2 inch dick in me
(05:00 / Allies) humble-origins: creepjacked teal
(05:18 / Allies) HOLYCRAPIMCOOL: yellow i know you playboi?
(05:35 / Allies) humble-origins: naw i shit talked u a long time ago regarding a player mugaro
(05:41 / All) PulsingHatred: Grape juice or orange juice?
(05:45 / Allies) HOLYCRAPIMCOOL: recgnize that name
(05:46 / Allies) HOLYCRAPIMCOOL: mugaro
(05:48 / Allies) HOLYCRAPIMCOOL: dont rememer
(06:00 / Allies) humble-origins: i dont realy remember either
(06:47 / Allies) humble-origins: should i get bats or wyv sh
(07:43 / All) NunoSaPunso: \
(07:45 / All) HOLYCRAPIMCOOL: fight me cowards
(07:55 / All) PulsingHatred: k
(07:57 / All) PulsingHatred: stop running
(08:04 / All) HOLYCRAPIMCOOL: jk lover at heart
(08:11 / All) PulsingHatred: i can respect that
(09:11 / Allies) humble-origins: lets help pink
(09:13 / All) HOLYCRAPIMCOOL: truce pls
(09:56 / All) HOLYCRAPIMCOOL: john john john
(10:04 / All) PulsingHatred: my name is carl
(10:46 / All) NunoSaPunso: we need tanks
(11:22 / All) PulsingHatred: ....
(13:03 / Allies) Helldog88: out
(14:49 / Allies) HOLYCRAPIMCOOL: MORE TOWER
(15:46 / All) HOLYCRAPIMCOOL: MERCY
(16:25 / Allies) Helldog88: out
(16:44 / Allies) SMERB.COM.COM: out
(17:44 / Allies) humble-origins: i know
(19:09 / Allies) HOLYCRAPIMCOOL: chims?
(22:50 / Allies) SMERB.COM.COM: out
(22:58 / Allies) HOLYCRAPIMCOOL: coward
(23:07 / Allies) SMERB.COM.COM: blue
(23:08 / Allies) SMERB.COM.COM: life tree
(23:11 / Allies) SMERB.COM.COM: barracks
(23:12 / Allies) SMERB.COM.COM: so i can get out
(25:47 / Allies) SMERB.COM.COM: helldog88
(25:48 / Allies) SMERB.COM.COM: mvp
(26:08 / Allies) humble-origins: we should be raping we won revery battle i like it like this tho
(26:19 / Allies) humble-origins: wood?
(27:50 / All) PulsingHatred: gg
(28:20 / Allies) humble-origins: this game i shilarious lol
(32:32 / Allies) humble-origins: tp?
(32:58 / Allies) humble-origins: shitty voodoo god dammit
(36:06 / Allies) HOLYCRAPIMCOOL: b?
(36:22 / Allies) HOLYCRAPIMCOOL: nice
(36:58 / Allies) humble-origins: stay bu us blue
(37:47 / All) humble-origins: LOL
(37:50 / All) PulsingHatred: lmao
(37:56 / All) humble-origins: pro game
(37:57 / All) humble-origins: i swear
(38:19 / Allies) HOLYCRAPIMCOOL: love everything about this game so far
(38:29 / All) humble-origins: uploading this no matter the reusult
(38:37 / Allies) SMERB.COM.COM: im on the expos
(38:45 / Allies) HOLYCRAPIMCOOL: thats been up empt for lik 10 min lol
(39:03 / Allies) Helldog88: Can I get some gold?
(39:08 / Allies) Helldog88: need 500
(39:15 / Allies) Helldog88: thanks
(40:08 / Allies) HOLYCRAPIMCOOL: potm np t
(40:29 / All) humble-origins: lol
(40:35 / All) humble-origins: smerb this is a cool replay
(40:37 / All) humble-origins: u have to admit
(40:42 / Allies) SMERB.COM.COM: yeah
(40:43 / All) SMERB.COM.COM: yes
(40:45 / All) SMERB.COM.COM: indeed
(40:55 / All) humble-origins: wait?
(41:13 / All) antanitis: panda is still imbalanced
(41:30 / All) SMERB.COM.COM: u killed dagda
(41:42 / All) HOLYCRAPIMCOOL: dagda pulled off a good 4 heals that fight at your base
(41:42 / All) humble-origins: u guys should have won
(42:01 / All) humble-origins: not an insult lol
(42:14 / All) humble-origins: im mugaroiscool do u remember me smerb?
(42:18 / All) SMERB.COM.COM: yes
(42:24 / All) humble-origins: i played with u last game too
(42:28 / All) SMERB.COM.COM: yeah :)
(42:29 / All) antanitis: Mugaro was never cool
(42:33 / All) SMERB.COM.COM: excellent game
(42:33 / All) NunoSaPunso: GoodGame :)
(42:39 / All) humble-origins: GG
(42:48 / All) NunoSaPunso: GJ GUYS!
(42:49 / All) HOLYCRAPIMCOOL: most fun since i started playing again
(42:51 / All) HOLYCRAPIMCOOL: aka 2 days ago
(43:00 / All) humble-origins: wtf did we do wrong?
(43:10 / All) humble-origins: we must have let them expo everywhere
(43:13 / All) humble-origins: cuz we win a lot of battles
(45:23 / All) humble-origins: i say green gets top sciore cuz of resources
(45:35 / All) SMERB.COM.COM: units killed
(45:37 / All) SMERB.COM.COM: so pink
(45:53 / All) SMERB.COM.COM: mvp in my book is dagdha tho
(45:54 / All) humble-origins: one battle lasted like 15 min it seemd like
(45:55 / All) HOLYCRAPIMCOOL: call to arms
(46:03 / All) HOLYCRAPIMCOOL: defend your freedom lads
(46:07 / All) humble-origins: dagdha?
(46:12 / All) SMERB.COM.COM: keeper
(46:19 / All) humble-origins: oh in that one fight
(46:19 / All) humble-origins: yes
(46:24 / All) humble-origins: he used it like 3 times
(46:44 / All) humble-origins: i was torn between hexing heros or healing pinks heroes
(48:26 / All) HOLYCRAPIMCOOL: let pesant get kill pls
(48:30 / All) HOLYCRAPIMCOOL: they earned it